 Dungeon Crawl Stone Soup version 0.19-a0-816-geccf914 (webtiles) character file.

6780 MrRokkomies the Reanimator (level 10, 0/85 HPs)
             Began as a Vampire Necromancer on June 29, 2016.
             Was an Elder of Okawaru.
             Slain by a six-headed hydra (13 damage)
             ... on level 1 of the Lair of Beasts.
             The game lasted 00:38:04 (14361 turns).

MrRokkomies the Reanimator (Vampire Necromancer)   Turns: 14361, Time: 00:38:04

Health: 0/85       AC: 17    Str: 16    XL:     10   Next: 76%
Magic:  1/4        EV: 13    Int: 24    God:    Okawaru [****..]
Gold:   545        SH:  3    Dex: 11    Spells: 4 memorised, 4 levels left

rFire  . . .     SeeInvis +     k - +10 mace "Impbane" {antimagic, Str+8 Dex-4}
rCold  + . .     Gourm    .     o - +2 ring mail of Tender Moments {rElec rPois}
rNeg   + + .     Faith    +     Q - +0 buckler
rPois  +         Spirit   .     (no helmet)
rElec  +         Dismiss  .     j - +0 cloak
rCorr  .         Reflect  .     (no gloves)
SustAt .         Harm     .     (no boots)
MR     +....     Clarity  +     O - amulet of faith
Stlth  ++........               E - +5 ring of protection
                                M - +4 ring of intelligence

@: very slightly contaminated, regenerating slowly, somewhat resistant to
hostile enchantments, unstealthy
A: fangs 3, iridescent scales 1, see invisible, clarity, unbreathing, no device
heal 1
a: Bat Form, Heroism, Renounce Religion


You were on level 1 of the Lair of Beasts.
You worshipped Okawaru.
Okawaru was greatly pleased with you.
You were very thirsty.

You visited 3 branches of the dungeon, and saw 12 of its levels.
You also visited: Sewer.

You collected 727 gold pieces.
You spent 182 gold pieces at shops.

Inventory:

Hand Weapons
 k - the +10 mace "Impbane" (weapon) {antimagic, Str+8 Dex-4}
   (You found it on level 4 of the Dungeon)

   It reduces the magical energy of the wielder, and disrupts the spells and
   magical abilities of those hit.
   Natural abilities and divine invocations are not affected.
   It affects your strength (+8).
   It affects your dexterity (-4).
 m - a +0 dagger of freezing
 y - a +0 blowgun
 N - a +0 long sword
 R - the +3 war axe of Qiduoh {freeze, Str+7}
   (You found it on level 9 of the Dungeon)

   It has been specially enchanted to freeze those struck by it, causing extra
   injury to most foes and up to half again as much damage against particularly
   susceptible opponents.
   It can also slow down cold-blooded creatures.
   It affects your strength (+7).
Missiles
 c - 10 tomahawks
 n - 2 throwing nets
 v - 8 curare-tipped needles
 z - 129 poisoned needles
 T - 3 steel javelins (quivered)
Armour
 j - a +0 cloak (worn)
 o - the +2 ring mail of Tender Moments (worn) {rElec rPois}
   (You found it on level 4 of the Dungeon)

   It insulates you from electricity.
   It protects you from poison.
 Q - a +0 buckler (worn)
Jewellery
 d - an uncursed ring of magical power
 w - an uncursed ring of protection from magic
 B - an uncursed ring of protection from fire
 E - a +5 ring of protection (right hand)
 L - an uncursed ring of resist corrosion
 M - a +4 ring of intelligence (left hand)
 O - an amulet of faith (around neck)
Wands
 i - a wand of enslavement (6/24)
 p - a wand of digging (13/24)
 r - a wand of slowing (40/48)
 D - a wand of confusion (8/48)
 K - a wand of flame (21/48)
 U - a wand of confusion (20/48)
Scrolls
 h - 3 scrolls of teleportation
 q - 5 scrolls of remove curse
 F - 2 scrolls of fog
 H - a scroll of amnesia
 P - 3 scrolls of identify
Potions
 a - a potion of heal wounds
 e - 16 potions of curing
 f - a potion of lignification
 g - 2 potions of flight
 l - a potion of degeneration {unknown}
 t - a potion of mutation
 u - a potion of resistance
 x - 3 potions of might
 A - 3 potions of agility
 C - 4 potions of brilliance
 G - a potion of cure mutation
 I - a potion of magic {unknown}
 J - a potion of haste {unknown}
Books
 b - a book of Necromancy

   Spells                             Type                      Level
   a - Pain                           Necromancy                   1
   b - Animate Skeleton               Necromancy                   1
   c - Vampiric Draining              Necromancy                   3
   d - Regeneration                   Charms/Necromancy            3
   e - Animate Dead                   Necromancy                   4
   f - Control Undead                 Necromancy                   4
 s - a book of the Warp

   Spells                             Type                      Level
   a - Recall                         Summoning/Translocation      3
   b - Gell's Gravitas                Hexes/Translocation          3
   c - Force Lance                    Conjuration/Translocation    4
   d - Warp Weapon                    Charms/Translocation         5
   e - Summon Forest                  Summoning/Translocation      5
 S - a book of Geomancy

   Spells                             Type                      Level
   a - Sandblast                      Earth                        1
   b - Passwall                       Transmutation/Earth          2
   c - Stone Arrow                    Conjuration/Earth            3
   d - Petrify                        Transmutation/Earth          4
   e - Lee's Rapid Deconstruction     Earth                        5


   Skills:
 - Level 10.1 Fighting
 + Level 0.2 Long Blades
 * Level 8.5 Dodging
 - Level 3.0 Stealth
 - Level 2.0 Spellcasting
 - Level 11.0 Necromancy
 * Level 2.0 Invocations


You had 4 spell levels left.
You knew the following spells:

 Your Spells              Type           Power        Failure   Level  Hunger
a - Pain                  Necr           ####         1%          1    #......
b - Animate Skeleton      Necr           N/A          1%          1    #......
c - Vampiric Draining     Necr           ######....   1%          3    ###....
d - Animate Dead          Necr           N/A          4%          4    #####..


Dungeon Overview and Level Annotations

Branches:
Dungeon (10/15)            Temple (1/1) D:4            Lair (1/6) D:8
    Orc: D:9-12

Altars:
Ashenzari
Cheibriados
Dithmenos
Elyvilon
Fedhas
Gozag
Hepliaklqana
Kikubaaqudgha
Makhleb
Nemelex Xobeh
Okawaru
Pakellas
Qazlal
Ru
Sif Muna
Trog
Uskayaw
Vehumet
Xom
Yredelemnul
Zin
The Shining One

Shops:
D:4 !%}[?   D:9 }

Annotations:
D:8 exclusions: ice statue and obsidian statue
D:10 Nergalle


Innate Abilities, Weirdness & Mutations

You heal slowly.
You have razor-sharp teeth.
You have supernaturally acute eyesight. (SInv)
You can survive without breathing.
You are partially covered in iridescent scales. (AC +4)
You possess an exceptional clarity of mind.
Potions and wands are less effective at restoring your health.


Message History

The six-headed hydra barely misses you.
The six-headed hydra closely misses you.
The six-headed hydra bites you!
The six-headed hydra bites you but does no damage. x2
The six-headed hydra bites you.
* * * LOW HITPOINT WARNING * * *
The six-headed hydra bites you!
* * * LOW HITPOINT WARNING * * *
The six-headed hydra completely misses you.
You block the six-headed hydra's attack.
The six-headed hydra bites you but does no damage. x2
Your system partially rejects the healing.
You feel much better. The six-headed hydra bites you.
* * * LOW HITPOINT WARNING * * *
The six-headed hydra closely misses you.
The six-headed hydra bites you but does no damage.
The six-headed hydra bites you!
* * * LOW HITPOINT WARNING * * *
The six-headed hydra barely misses you. The six-headed hydra bites you!
You die...

##....# #..# ##..##
#..# #.## ######..#
#.# ####.......# ##.#
#.........## #..# #
#..#..#####
#####.##P#######..##.#
##%##..........#.....#
...............D@.##.#
##.###.#######.#####.#
### ## #. #.# #. ...
## ###


You could see a six-headed hydra.

Vanquished Creatures
  Pikel (D:6)
  A blink frog (Lair:1)
  Sigmund (D:4)
  2 yaks (D:9)
  2 hippogriffs
  A hungry ghost (D:9)
  A porcupine (Lair:1)
  3 orc warriors
  3 ice beasts
  2 sky beasts
  A slave (D:6)
  4 black bears
  4 ogres
  2 phantoms
  A necrophage (D:7)
  5 centaurs
  A big kobold (D:9)
  Blork the orc (D:5)
  7 giant frogs
  A water moccasin zombie (D:8)
  A scorpion (D:9)
  The ghost of Dorikus the Shield-Bearer, a weakling DDFi (D:3)
  3 wights (D:9)
  3 howler monkeys
  6 crimson imps
  A centaur zombie (D:9)
  A quasit (D:9)
  6 jellies
  4 hounds
  2 orc priests (D:5)
  Crazy Yiuf (D:4)
  7 orc wizards
  2 centaur skeletons
  A giant frog skeleton (D:8)
  An iguana (D:5)
  Terence (D:2)
  3 worker ants
  A killer bee zombie (D:8)
  A hound zombie (D:6)
  A hound skeleton (D:6)
  A howler monkey zombie (D:7)
  2 worker ant zombies
  4 gnolls (D:9)
  6 river rats (Sewer)
  15 adders
  2 shadow imps
  6 oozes
  2 adder skeletons
  4 worms
  2 dart slugs (D:1)
  7 giant geckos
  22 orcs
  12 bats
  11 giant cockroaches
  9 goblins
  8 hobgoblins
  12 jackals
  2 quokkas
  8 ball pythons
  5 giant newts
  A jackal zombie (D:8)
  29 kobolds
  20 rats
  A fungus (D:8)
282 creatures vanquished.

Vanquished Creatures (collateral kills)
  2 blink frogs (Lair:1)
  A porcupine (Lair:1)
  A centaur (D:6)
  An ogre (D:4)
  A big kobold (D:7)
  A hound (D:9)
  A jelly (D:9)
  A worker ant (D:4)
  2 adders
  A quokka (D:7)
  2 kobolds (D:7)
  A rat (Sewer)
  A fungus (Lair:1)
16 creatures vanquished.

Vanquished Creatures (others)
  2 slaves (D:6)
  A human (D:7)
  A plant (Lair:1)
4 creatures vanquished.

Grand Total: 302 creatures vanquished

Notes
Turn   | Place    | Note
--------------------------------------------------------------
     0 | D:1      | MrRokkomies the Vampire Necromancer began the quest for the Orb.
     0 | D:1      | Reached XP level 1. HP: 13/13 MP: 3/3
   164 | D:1      | Reached XP level 2. HP: 15/19 MP: 5/5
   276 | D:1      | Learned a level 1 spell: Animate Skeleton
  1098 | D:1      | Reached XP level 3. HP: 19/25 MP: 6/6
  1408 | D:2      | Reached skill level 5 in Necromancy
  1410 | D:2      | Noticed Sigmund
  1478 | D:1      | Learned a level 3 spell: Vampiric Draining
  1724 | D:2      | Reached skill level 1 in Fighting
  1781 | D:2      | Noticed Terence
  1787 | D:2      | Killed Terence
  1787 | D:2      | Reached XP level 4. HP: 25/32 MP: 1/7
  2303 | D:2      | Found an opulent altar of Gozag.
  2304 | D:2      | Found a bloodstained altar of Trog.
  2560 | D:3      | Reached XP level 5. HP: 25/38 MP: 8/8
  2580 | D:3      | Noticed an ogre
  2584 | D:3      | Reached skill level 6 in Necromancy
  2619 | D:4      | Killed Sigmund
  2619 | D:4      | Reached XP level 6. HP: 44/47 MP: 1/9
  2716 | D:4      | Found Wanoaz's Gadget Shop.
  2724 | D:4      | Reached skill level 7 in Necromancy
  2976 | D:4      | Got a steaming ring mail
  2987 | D:4      | Identified the +2 ring mail of Tender Moments {rElec rPois} (You found it on level 4 of the Dungeon)
  3216 | D:4      | Found Taaman Xyro's Distillery.
  3222 | D:4      | Bought a potion of heal wounds for 65 gold pieces
  3222 | D:4      | Bought a potion of curing for 39 gold pieces
  3222 | D:4      | Bought a potion of curing for 39 gold pieces
  3259 | D:4      | Found Obbibumu's Food Boutique.
  3273 | D:4      | Found a staircase to the Ecumenical Temple.
  3282 | Temple   | Entered the Ecumenical Temple
  3360 | D:4      | Found Fofira's Antique Armour Emporium.
  3378 | D:4      | Found a runed door.
  3412 | D:3      | Noticed Dorikus's ghost (weakling DDFi)
  3648 | D:3      | Found a snail-covered altar of Cheibriados.
  4006 | D:3      | Learned a level 4 spell: Animate Dead
  4043 | D:3      | Reached XP level 7. HP: 51/53 MP: 10/10
  4744 | D:4      | Found Pityceet's Magic Scroll Shoppe.
  4747 | D:4      | Bought a scroll of remove curse for 39 gold pieces
  5638 | D:4      | Noticed Crazy Yiuf
  5643 | D:4      | Killed Crazy Yiuf
  5648 | D:4      | Got a twisted mace
  5649 | D:4      | Identified the +10 mace "Impbane" {antimagic, Str+8 Dex-4} (You found it on level 4 of the Dungeon)
  5817 | D:5      | Entered Level 5 of the Dungeon
  5926 | D:5      | Reached skill level 8 in Necromancy
  6133 | D:5      | Reached skill level 5 in Fighting
  6263 | D:5      | Noticed Blork the orc
  6298 | D:5      | Killed Blork the orc
  6298 | D:5      | Reached XP level 8. HP: 37/62 MP: 0/11
  6565 | D:6      | Found a glowing drain.
  6584 | Sewer    | Entered a sewer
  6796 | Sewer    | Reached skill level 9 in Necromancy
  7353 | D:6      | Noticed Pikel
  7371 | D:6      | Killed Pikel
  7371 | D:6      | Reached skill level 10 in Necromancy
  7445 | D:6      | Reached XP level 9. HP: 38/72 MP: 7/12
  8392 | D:6      | Found a deep blue altar of Sif Muna.
  9005 | D:3      | Killed Dorikus's ghost
  9319 | D:3      | Found an iron altar of Okawaru.
  9326 | D:3      | Became a worshipper of Warmaster Okawaru
  9684 | D:7      | Reached skill level 11 in Necromancy
  9722 | D:7      | Found a hide-covered altar of Uskayaw.
  9955 | D:7      | Found an ancient bone altar of Kikubaaqudgha.
 10151 | D:7      | Found an ancient bone altar of Kikubaaqudgha.
 10747 | D:8      | Gained mutation: You tend to lose your temper in combat. [potion of mutation]
 10747 | D:8      | Gained mutation: You are partially covered in iridescent scales. (AC +4) [potion of mutation]
 10748 | D:8      | Gained mutation: You possess an exceptional clarity of mind. [potion of mutation]
 10748 | D:8      | Lost mutation: You tend to lose your temper in combat. [potion of mutation]
 10748 | D:8      | Gained mutation: Potions and wands are less effective at restoring your health. [potion of mutation]
 10777 | D:8      | Reached * piety under Okawaru
 10925 | D:8      | Reached skill level 5 in Dodging
 11124 | D:8      | Reached XP level 10. HP: 54/83 MP: 7/13
 11170 | D:8      | Found a deep blue altar of Sif Muna.
 11229 | D:8      | Found a staircase to the Lair.
 11255 | D:8      | Noticed an obsidian statue
 11412 | D:8      | Noticed an ice statue
 11471 | Lair:1   | Entered Level 1 of the Lair of Beasts
 11569 | Lair:1   | Reached ** piety under Okawaru
 11680 | Lair:1   | Noticed a six-headed hydra
 12402 | D:9      | Found a blossoming altar of Fedhas.
 12478 | D:9      | Found a basalt altar of Yredelemnul.
 12542 | D:9      | Found Etrezuwn's Gadget Boutique.
 12574 | D:9      | Found an oddly glowing altar of Pakellas.
 12879 | D:9      | Found an oddly glowing altar of Pakellas.
 12930 | D:9      | Reached *** piety under Okawaru
 13022 | D:9      | Reached skill level 10 in Fighting
 13386 | D:9      | Got a crystal war axe
 13387 | D:9      | Identified the +3 war axe of Qiduoh {freeze, Str+7} (You found it on level 9 of the Dungeon)
 13615 | D:10     | Entered Level 10 of the Dungeon
 13651 | D:10     | Found a glowing golden altar of the Shining One.
 13671 | D:10     | Reached **** piety under Okawaru
 13683 | D:10     | Reached skill level 1 in Invocations
 13707 | D:10     | Noticed Nergalle
 14361 | Lair:1   | Slain by a six-headed hydra

Vault maps used:
D:1:      saegor_arrival_simple_c
D:2:      gammafunk_temple_overflow_pools, first_bread, minmay_tetromino_o2,
          uniq_sigmund, uniq_terence
D:3:      cheibriados_altar_1, overflow_temple_1_default,
          minmay_misc_feat_ornament, guppyfry_early_orc_mine
D:4:      serial_shops, shop, nicolae_shop_waterfront, shop,
          nicolae_shop_competitors_out_of_business, shop,
          uniq_crazy_yiuf_cottage
D:5:      minmay_tree_intersection, uniq_blork_the_orc
D:6:      kennysheep_orc_sif_temple, gup_sewer_entry_pipe, uniq_pikel
D:7:      eat_drink_and_be_merry_uskayaw, kiku_gazebo_garden_becter,
          tgw_kikubaaqudgha
D:8:      minmay_separated_statues, lemuel_crystal_altar, dpeg_oklobed_lair,
          hangedman_little_slice_of_home
D:9:      kennysheep_blocky_room, fedhas_altar_3, kennysheep_mini,
          lemuel_doored_altar, serial_shops, shop, grunt_pakellas_mercury
D:10:     basic_altar, minmay_evil_grid, uniq_fannar, uniq_nergalle
Temple:   compressed_dpeg_circular_temple
Sewer:    sewer_minmay_treatment

Skill      XL: |  1  2  3  4  5  6  7  8  9 10 |
---------------+-------------------------------+-----
Dodging        | 3 5 8 |  8.5
Necromancy     | 5 6 7 8 10 11 | 11.0
Fighting       | 1 2 3 5 7 9 10 | 10.1
Invocations    | 2 |  2.0
Long Blades    | |  0.2
Stealth        | |  3.0
Spellcasting   | |  2.0

Action                   |  1- 3 |  4- 6 |  7- 9 | 10-12 || total
-------------------------+-------+-------+-------+-------++-------
Melee: Unarmed           |    20 |       |       |       ||    20
       Whip              |    22 |       |       |       ||    22
       Bite              |     3 |    11 |    47 |    18 ||    79
       Mace              |       |   103 |   577 |   168 ||   848
       War axe           |       |       |       |    38 ||    38
Throw: Throwing net      |       |     1 |       |       ||     1
       Tomahawk          |       |     1 |       |       ||     1
 Cast: Pain              |    39 |    24 |    14 |    11 ||    88
       Vampiric Draining |     1 |     9 |     9 |     6 ||    25
       Animate Skeleton  |       |     5 |       |       ||     5
       Animate Dead      |       |       |     9 |     4 ||    13
 Abil: End Transformatio |       |       |     1 |       ||     1
       Bat Form          |       |       |     1 |       ||     1
Evoke: Wand              |       |       |     2 |     1 ||     3
  Use: Scroll            |     5 |     3 |     9 |     5 ||    22
       Potion            |       |     3 |     8 |     2 ||    13
 Stab: Sleeping          |     4 |     2 |     2 |     1 ||     9
  Eat: Corpse            |     1 |     5 |    13 |     6 ||    25
Armor: Robe              |     3 |       |       |       ||     3
       Leather armour    |     3 |    20 |       |       ||    23
       Ring mail         |       |    22 |   349 |   197 ||   568
Dodge: Dodged            |    26 |    98 |   438 |   345 ||   907
Block: Buckler           |       |       |       |    18 ||    18
